 Dungeon Crawl Stone Soup version 0.17.1-1-g73c8601 (webtiles) character file.

5215 Kook the Fighter (level 10, -2/83 HPs)
             Began as a Demonspawn Berserker on June 26, 2016.
             Was a High Priest of Trog.
             Slain by an ancient zyme (3 damage)
             ... on level 1 of the Abyss.
             The game lasted 00:42:36 (7538 turns).

Kook the Fighter (Demonspawn Berserker)             Turns: 7538, Time: 00:42:36

Health: -2/83      AC: 13    Str: 20    XL:     10   Next: 35%
Magic:  0/12       EV: 14    Int:  9    God:    Trog [*****.]
Gold:   234        SH:  0    Dex: 13    Spells: 0 memorised, 9 levels left

rFire  . . .     SeeInvis .     C - +1 broad axe (elec)
rCold  . . .     Clarity  .     K - +2 leather armour {rPois}
rNeg   . . .     SustAt   .     (no shield)
rPois  +         Gourm    .     (no helmet)
rElec  .         Spirit   +     n - +0 cloak
rCorr  .         Warding  .     (no gloves)
rMut   .         Stasis   .     (no boots)
MR     .....                    d - amulet of guardian spirit
Stlth  +.........               (no ring)
                                (no ring)

@: exhausted, non-regenerating, badly diseased, slowed, very slow, not resistant
to hostile enchantments, very unstealthy
A: hooves 2, iridescent scales 2, spiny 1
a: Berserk, Trog's Hand, Brothers in Arms, Burn Spellbooks, Renounce Religion


You were on level 1 of the Abyss.
You worshipped Trog.
Trog was extremely pleased with you.
You were hungry.

You visited 1 branch of the dungeon, and saw 8 of its levels.
You visited the Abyss 1 time.
You also visited: Sewer and Ossuary.

You collected 429 gold pieces.
You spent 195 gold pieces at shops.

Inventory:

Hand Weapons
 l - a +0 battleaxe
 m - a +0 blowgun
 C - a +1 broad axe of electrocution (weapon)
 F - a +0 flail of protection
 H - a cursed +3 halberd of freezing
Missiles
 a - 15 tomahawks (quivered)
 k - 5 needles of sleeping
 y - 3 javelins of penetration
 z - 25 poisoned needles
Armour
 n - a +0 cloak (worn)
 I - a +0 scale mail
 K - a +2 leather armour of poison resistance (worn)
Jewellery
 d - an amulet of guardian spirit (around neck)
Wands
 G - a wand of flame (27)
Scrolls
 b - a scroll of amnesia
 g - 6 scrolls of identify
 q - 2 scrolls of fear
 r - 8 scrolls of remove curse {unknown}
 t - 4 scrolls of immolation {unknown}
 w - 5 scrolls of blinking {unknown}
 x - 4 scrolls of recharging {unknown}
 J - a scroll of magic mapping
Potions
 e - 3 potions of agility
 h - 5 potions of curing
 j - 6 potions of heal wounds
 o - 5 potions of brilliance
 s - a potion of lignification {unknown}
 u - a potion of magic {unknown}
 v - 3 potions of mutation {unknown}
 A - 4 potions of flight
 D - 4 potions of haste {unknown}
 E - a potion of invisibility {unknown}
Miscellaneous
 p - a plain deck of changes
Comestibles
 c - 6 bread rations
 f - 4 beef jerkies
 i - 2 fruits
 B - 2 meat rations
 L - a chunk of flesh


   Skills:
 * Level 9.3 Fighting
 * Level 8.6 Axes
 + Level 5.6 Armour
 + Level 5.6 Dodging
 + Level 3.4 Evocations


You had 9 spell levels left.
You didn't know any spells.

Dungeon Overview and Level Annotations

Branches:
Dungeon (8/15)             Temple (0/1) D:5
   Lair: D:8-11

Altars:
Ashenzari
Dithmenos
Elyvilon
Fedhas
Gozag
Nemelex Xobeh
Ru
Sif Muna
Trog
Xom
Yredelemnul
The Shining One

Shops:
D:6 (

Annotations:
D:8 Erolcha


Innate Abilities, Weirdness & Mutations

You have hoof-like feet.
You are mostly covered in iridescent scales (AC +6).
You are partially covered in sharp spines.


Message History

You feel ill.
You feel ill.
The ancient zyme hits you but does no damage.
The ancient zyme closely misses you.
You feel ill.
Found 40 gold pieces.
The ancient zyme is struck by your spines.
The ancient zyme completely misses you. The ancient zyme closely misses you.
You feel ill. The ancient zyme closely misses you. The ancient zyme misses you.
You feel ill. The ancient zyme barely misses you. The ancient zyme hits you.
* * * LOW HITPOINT WARNING * * *
The ancient zyme is struck by your spines.
The ancient zyme hits you.
* * * LOW HITPOINT WARNING * * *
The ancient zyme hits you but does no damage.
You feel ill.
The ancient zyme is struck by your spines.
The ancient zyme closely misses you. The ancient zyme hits you.
You die...

## #. .# ##. #..######
#### #. #.#...........
#..####..#. #....#
#.....x.#....# .#
..##..@#.#.#.###.####
#.....###.#.#..#.#.#.###
.####. #.....##...#.. .
# ..#.#.....#.###.#
#.#..#.....#. ..
...#.##.#...#...
.#$##.##.#...## .... #)
##..# .##....#####.


You could see an ancient zyme.

Vanquished Creatures
  A thrashing horror (Abyss:1)
  An efreet (Abyss:1)
  Grinder (D:4)
  3 starcursed masses (Abyss:1)
  A hungry ghost (D:7)
  A neqoxec (Abyss:1)
  3 orc warriors
  A sky beast (D:6)
  2 ogres
  4 phantoms
  2 ice beasts
  A centaur (D:8)
  4 big kobolds
  A giant frog (D:7)
  A gnoll sergeant (D:7)
  A scorpion (D:6)
  7 wights
  3 crimson imps
  5 hounds
  A giant frog zombie (D:5)
  A gnoll shaman (D:5)
  2 giant frog skeletons
  A centaur skeleton (D:7)
  3 orc priests
  An iguana (D:5)
  2 worker ants (D:5)
  5 orc wizards
  2 big kobold zombies (Ossuary)
  4 mummies (Ossuary)
  7 adders
  11 gnolls
  11 river rats
  A shadow imp (D:5)
  3 oozes
  3 adder skeletons (D:4)
  3 worms
  6 giant geckos
  29 orcs
  7 ball pythons
  9 bats
  8 giant cockroaches
  11 goblins
  7 hobgoblins
  7 jackals
  23 kobolds
  4 quokkas
  A ball python skeleton (D:6)
  9 giant newts
  2 goblin zombies (Ossuary)
  A hobgoblin zombie (Ossuary)
  3 orc zombies (Ossuary)
  30 rats
  A spectral orc (D:7)
262 creatures vanquished.

Notes
Turn   | Place    | Note
--------------------------------------------------------------
     0 | D:1      | Kook the Demonspawn Berserker began the quest for the Orb.
     0 | D:1      | Reached XP level 1. HP: 18/18 MP: 1/1
    56 | D:1      | Gained mutation: You are partially covered in iridescent scales (AC +4). [demonic ancestry]
    56 | D:1      | Reached XP level 2. HP: 12/24 MP: 2/2
   315 | D:1      | Reached ** piety under Trog
   529 | D:1      | Reached XP level 3. HP: 20/29 MP: 3/3
  1317 | D:2      | Gained mutation: You are mostly covered in iridescent scales (AC +6). [demonic ancestry]
  1317 | D:2      | Reached XP level 4. HP: 20/37 MP: 4/4
  1568 | D:2      | Reached skill level 4 in Fighting
  1598 | D:2      | Reached *** piety under Trog
  2060 | D:2      | Found a sacrificial altar of Ru.
  2345 | D:2      | Found a shimmering altar of Xom.
  2612 | D:3      | Reached XP level 5. HP: 37/42 MP: 5/5
  2649 | D:3      | Found an opulent altar of Gozag.
  3142 | D:4      | Noticed Grinder
  3150 | D:4      | Paralysed by Grinder for 6 turns
  3176 | D:4      | Paralysed by Grinder for 6 turns
  3185 | D:4      | Killed Grinder
  3185 | D:4      | Reached XP level 6. HP: 22/50 MP: 6/6
  3336 | D:4      | Reached skill level 5 in Fighting
  3398 | D:4      | Found a deep blue altar of Sif Muna.
  3493 | D:4      | Noticed a phantom
  3562 | D:4      | Killed a phantom
  3562 | D:4      | Gained mutation: You are partially covered in sharp spines. [demonic ancestry]
  3562 | D:4      | Reached XP level 7. HP: 52/56 MP: 7/7
  3622 | D:4      | Noticed an ogre
  3631 | D:4      | Killed an ogre
  3631 | D:4      | Reached skill level 5 in Axes
  3931 | D:5      | Entered Level 5 of the Dungeon
  3948 | D:5      | Found a bloodstained altar of Trog.
  4058 | D:5      | Found a blossoming altar of Fedhas.
  4148 | D:5      | Reached skill level 6 in Fighting
  4155 | D:5      | Reached **** piety under Trog
  4187 | D:5      | Found a staircase to the Ecumenical Temple.
  4288 | D:5      | Found a bloodstained altar of Trog.
  4288 | D:5      | Found a white marble altar of Elyvilon.
  4534 | D:5      | Found a glowing golden altar of the Shining One.
  4644 | D:5      | Gained mutation: You have large cloven feet. [demonic ancestry]
  4644 | D:5      | Reached XP level 8. HP: 59/64 MP: 8/8
  4853 | D:6      | Found a shattered altar of Ashenzari.
  5057 | D:6      | Found a glowing drain.
  5061 | Sewer    | Entered a sewer
  5233 | Sewer    | Received a gift from Trog
  5311 | Sewer    | Reached skill level 7 in Fighting
  5706 | D:6      | Found Qapp's Antique Weapon Shoppe.
  5725 | D:6      | Bought a battleaxe for 195 gold pieces
  6416 | D:6      | Reached XP level 9. HP: 72/72 MP: 9/9
  6655 | D:7      | Found a shadowy altar of Dithmenos.
  6710 | D:7      | Reached skill level 1 in Evocations
  6711 | D:7      | Found a sparkling altar of Nemelex Xobeh.
  6730 | D:7      | Reached skill level 8 in Fighting
  6732 | D:7      | Reached ***** piety under Trog
  6736 | D:7      | Reached skill level 5 in Dodging
  6783 | D:7      | Reached skill level 5 in Armour
  6995 | D:7      | Found a basalt altar of Yredelemnul.
  7085 | D:8      | Found a sand-covered staircase.
  7092 | Ossuary  | Entered an ossuary
  7102 | Ossuary  | Gained mutation: You have hoof-like feet. [potion of beneficial mutation]
  7393 | D:8      | Noticed Erolcha
  7397 | D:8      | Cast into the Abyss (Erolcha)
  7449 | Abyss:1  | Noticed an efreet
  7455 | Abyss:1  | Killed an efreet
  7461 | Abyss:1  | Reached XP level 10. HP: 54/82 MP: 8/12
  7472 | Abyss:1  | Noticed a starcursed mass
  7493 | Abyss:1  | Killed a starcursed mass
  7493 | Abyss:1  | Reached skill level 9 in Fighting
  7496 | Abyss:1  | Killed a starcursed mass
  7497 | Abyss:1  | Killed a starcursed mass
  7508 | Abyss:1  | Noticed a thrashing horror
  7518 | Abyss:1  | Killed a thrashing horror
  7536 | Abyss:1  | HP: 4/83 [ancient zyme (1)]
  7536 | Abyss:1  | HP: 1/83 [ancient zyme (3)]
  7538 | Abyss:1  | Slain by an ancient zyme

Action                   |  1- 3 |  4- 6 |  7- 9 | 10-12 || total
-------------------------+-------+-------+-------+-------++-------
Melee: Hand axe          |   167 |   262 |   209 |       ||   638
       Broad axe         |       |       |   151 |    15 ||   166
       Battleaxe         |       |       |    10 |       ||    10
Invok: Berserk           |       |     3 |     3 |     1 ||     7
       Trog's Hand       |       |     5 |     3 |     1 ||     9
       Burn Spellbooks   |       |       |     1 |       ||     1
  Use: Potion            |       |     1 |     1 |       ||     2
       Scroll            |       |       |    17 |       ||    17
 Stab: Sleeping          |     2 |       |       |       ||     2
  Eat: Chunk             |     2 |    10 |    19 |     1 ||    32
